 Dungeon Crawl Stone Soup version 0.29.0-4-gdea44cf6ec (webtiles) character file.

Game seed: 7153140003060070047

58487 qw the Brawler (level 14, -3/133 HPs)
             Began as a Troll Cinder Acolyte on Sept 1, 2022.
             Was a High Priest of Okawaru.
             Slain by a skeletal warrior
             ... wielding a +0 short sword
              (5 damage)
             ... on level 12 of the Dungeon.
             The game lasted 00:09:52 (16748 turns).

qw the Brawler (Troll Cinder Acolyte)              Turns: 16748, Time: 00:09:52

Health: -3/133     AC: 19    Str: 26    XL:     14   Next: 49%
Magic:  17/18      EV: 10    Int: 13    God:    Okawaru [*****.]
Gold:   938        SH: 11    Dex:  5    Spells: 15/15 levels left

rFire   x x x      SeeInvis +     - Unarmed
rCold   . . .      Faith    .   n - +0 kite shield
rNeg    . . .      Spirit   .   m - +4 steam dragon scales
rPois   +          Reflect  .   p - +2 hat
rElec   .          Harm     .   o - +0 cloak
rCorr   .          Rampage  .   (gloves unavailable)
Will    +....                   (boots unavailable)
Stlth   ++........              l - amulet of Elemental Vulnerability {rPois rF-- rC-- AC+8}
HPRegen 1.12/turn               b - ring "Suudgh" {Ice rPois Str-3 Int+3 SInv}
MPRegen 0.16/turn               s - ring of ice

@: mighty, heroic, corroded
A: large, unfitting armour, claws 3, regeneration 1, shaggy fur 1, tough skin 1
a: Renounce Religion, Heroism, Finesse, Duel


You were on level 12 of the Dungeon.
You worshipped Okawaru.
Okawaru was extremely pleased with you.
You visited 3 branches of the dungeon, and saw 18 of its levels.

You collected 1313 gold pieces.
You spent 375 gold pieces at shops.


Innate Abilities, Weirdness & Mutations

You are too large for most types of armour.
You have claws for hands.
Your natural rate of healing is unusually fast.
You are covered in fur. (AC +1)
You have tough skin. (AC +1)


   Skills:
 - Level 7.0(12.0) Fighting
 - Level 7.0(12.0) Throwing
 - Level 2.2(7.2) Armour
 - Level 2.1(7.1) Dodging
 - Level 11.5(16.5) Shields
 + Level 17.7(22.7) Unarmed Combat
 - Level 1.0 Spellcasting
 - Level 2.1 Fire Magic
 + Level 7.7 Invocations


You had 15 spell levels left.
You didn't know any spells.
Your spell library contained the following spells:

 Spells                   Type           Power      Damage    Failure   Level
 Scorch                   Fire           12%        2d6       26%         2

Inventory:

Missiles
 h - 9 large rocks (quivered)
 q - 4 boomerangs
 u - 3 silver javelins
Armour
 a - a +0 robe of resistance
 m - +4 steam dragon scales (worn)
 n - a +0 kite shield (worn)
 o - a +0 cloak (worn)
 p - a +2 hat (worn)
Jewellery
 b - the ring "Suudgh" (left claw) {Ice rPois Str-3 Int+3 SInv}
   (You found it on level 6 of the Dungeon)

   [ring of ice]

   It enhances your ice magic.
   Str:       It affects your strength (-3).
   Int:       It affects your intelligence (+3).
   rF:        It makes you vulnerable to fire.
   rC:        It protects you from cold.
   rPois:     It protects you from poison.
   SInv:      It lets you see invisible.
 l - the amulet of Elemental Vulnerability (around neck) {rPois rF-- rC-- AC+8}
   (You found it on level 5 of the Dungeon)

   [amulet of nothing]

   AC:        It affects your AC (+8).
   rF:        It makes you very vulnerable to fire.
   rC:        It makes you very vulnerable to cold.
   rPois:     It protects you from poison.
 r - a ring of poison resistance
 s - a ring of ice (right claw)
 t - a ring of positive energy
 v - a ring of positive energy
 w - a ring of protection from fire
Scrolls
 e - 15 scrolls of identify
 k - 2 scrolls of enchant weapon
Potions
 c - 6 potions of mutation
 d - 2 potions of might
 f - a potion of resistance
 g - 10 potions of curing
 i - a potion of haste
 x - a potion of cancellation

Dungeon Overview and Level Annotations

Branches:
Dungeon (12/15)            Temple (1/1) D:5            Lair (5/5) D:10
 Shoals (0/4) Lair:2        Snake (0/4) Lair:2        Slime (0/5) Lair:4
    Orc (0/2) D:11

Altars:
Ashenzari
Cheibriados
Dithmenos
Kikubaaqudgha
Makhleb
Nemelex Xobeh
Okawaru
Qazlal
Sif Muna
Trog
Uskayaw
Vehumet
Wu Jian
Xom
Yredelemnul
The Shining One

Shops:
D:4 (   D:8 =   D:10 (


Message History

The wraith is moderately damaged.
The wraith hits you!
The acid dragon bites you but does no damage.
You block the acid dragon's attack.
You scratch the wraith but do no damage.
The wraith is moderately damaged.
You scratch the wraith.
The wraith is heavily damaged.
You block the wraith's attack. You block the acid dragon's attack. x2
A skeletal warrior comes into view. It is wielding a +0 mace.
You claw the wraith!
The wraith is almost destroyed.
The acid dragon spits acid at you. The splash of acid hits you!
The wraith closely misses you.
You hear a shout! x2
You barely miss the wraith.
The wraith is almost destroyed.
You mangle the wraith!!
You destroy the wraith!
Okawaru accepts your kill. Okawaru grants you a weapon!
Something appears at your feet!
You see here a +0 war axe of venom.
The acid dragon bites you! You block the acid dragon's attack.
You barely miss the skeletal warrior. The acid dragon closely misses you.
The acid dragon claws you.
You scratch the skeletal warrior but do no damage.
You scratch the skeletal warrior but do no damage.
The acid dragon bites you but does no damage.
The acid dragon barely misses you.
You block the skeletal warrior's attack.
You eviscerate the skeletal warrior!!!
The skeletal warrior is severely damaged.
An ice devil comes into view.
The skeletal warrior hits you but does no damage.
You mangle the skeletal warrior!!
You destroy the skeletal warrior!
Okawaru accepts your kill. The acid dragon spits acid at you.
The splash of acid hits you!! The acid corrodes you!
The skeletal warrior hits you with a +0 short sword.
You die...

~D~ ~~~ ~~ #7.
# #.# .#
###.####.##
#@z4......# #
#)D.......#
#.##..........
#............#
.o7.~..7......#
#.~~~~..!....#
#.~~~~.<####.+
#.~~~....# #
#7~~~..#+#


You could see a skeletal warrior, an ice devil and an acid dragon (catching
breath).

Vanquished Creatures
  3 catoblepae (Lair:5)
  2 hydras (D:11)
  A boulder beetle (D:11)
  A two-headed ogre (D:11)
  6 death yaks (Lair:5)
  Sonja (D:12)
  Nergalle (Lair:3)
  2 skeletal warriors (D:12)
  2 lindwurms (Lair:5)
  4 oklob plants
  2 ugly things (D:11)
  2 cyclopes (D:11)
  6 manticores
  9 elephants
  6 black mambas
  A gargoyle (D:11)
  14 cane toads
  2 unseen horrors (D:11)
  3 rime drakes
  2 demonic crawlers (Lair:5)
  8 komodo dragons
  A hellwing (D:12)
  3 meliai (Lair:5)
  A queen bee (Lair:5)
  9 polar bears
  4 trolls
  15 blink frogs
  A hornet (D:10)
  23 dream sheep
  A snapping turtle (Lair:2)
  2 wraiths
  2 shadows (D:11)
  3 wyverns
  44 yaks
  6 basilisks
  A ynoxinul (D:12)
  Eustachio (D:4)
  14 fire elementals
  4 steam dragons
  4 vampire mosquitoes (D:11)
  A chaos spawn (D:12)
  Menkaure (D:7)
  3 swamp worms (Lair:5)
  4 nagas (Lair:2)
  11 water moccasins
  An acid dragon (D:11)
  A floating eye (D:11)
  A sky beast (D:6)
  9 black bears
  2 ice beasts
  A swamp drake (D:10)
  4 orc warriors
  2 ogres (D:6)
  A centaur (D:9)
  22 wolves
  2 phantoms (D:7)
  2 kobold brigands
  8 bullfrogs
  A gnoll sergeant (D:11)
  25 killer bees
  4 howler monkeys
  7 electric eels
  4 lava snakes (Lair:4)
  3 hounds
  2 quasits (D:12)
  5 orc priests
  3 gnoll boudas
  4 iguanas
  13 orc wizards
  13 gnolls
  6 adders
  A white imp (D:6)
  A worm (D:2)
  5 dart slugs
  30 orcs
  4 bats
  2 bat zombies (D:3)
  5 endoplasms
  A giant cockroach (D:1)
  4 hobgoblins
  10 jackals
  15 kobolds
  2 quokkas
  5 ball pythons
  6 frilled lizards
  7 goblins
  6 rats
  A rat zombie (D:3)
  A spectral orc (D:6)
489 creatures vanquished.

Vanquished Creatures (others)
  18 fungi
  31 plants
49 creatures vanquished.

Grand Total: 538 creatures vanquished

Notes
Turn   | Place    | Note
-------+----------+-------------------------------------------
     0 | D:1      | qw the Troll Cinder Acolyte began the quest for the Orb.
     0 | D:1      | Reached XP level 1. HP: 22/22 MP: 1/1
     0 | D:1      | 0 ||| qw: Version: 0.1-a-97-g2dd2ca4
     0 | D:1      | 0 ||| qw: Game counter: 4853
     0 | D:1      | 0 ||| qw: Always use a shield: true
     0 | D:1      | 0 ||| qw: God list: Okawaru
     0 | D:1      | 0 ||| qw: Allow faded altars: false
     0 | D:1      | 0 ||| qw: Do Orc after D:15 true
     0 | D:1      | 0 ||| qw: Do second Lair branch before Depths: true
     0 | D:1      | 0 ||| qw: Lair rune preference: random
     0 | D:1      | 0 ||| qw: Plans: Normal
     0 | D:1      | 0 ||| PLANNING D:1-11
    69 | D:1      | Reached skill level 1 in Throwing
    70 | D:1      | 70 ||| Stepping ~*~*~tactically~*~*~ (stealth).
    92 | D:1      | Reached XP level 2. HP: 29/29 MP: 2/2
   130 | D:1      | 130 ||| Stepping ~*~*~tactically~*~*~ (stealth).
   193 | D:1      | 193 ||| READING scroll labelled NUORCH USIFIO.
   356 | D:1      | Found a faded altar of an unknown god.
   687 | D:1      | 687 ||| READING 5 scrolls labelled ZYMICVU ENYTAS.
   688 | D:1      | 688 ||| READING 2 scrolls labelled JUSAEQEIRIN.
   689 | D:1      | 689 ||| READING scroll labelled YKEGAIS VINU.
   690 | D:1      | 690 ||| DRINKING 2 viscous dark potions.
   691 | D:1      | 691 ||| READING 4 scrolls of identify.
   691 | D:1      | 691 ||| IDENTIFYING brown potion
   692 | D:1      | 692 ||| READING 3 scrolls of identify.
   692 | D:1      | 692 ||| IDENTIFYING pink potion
   693 | D:1      | 693 ||| READING 2 scrolls of identify.
   693 | D:1      | 693 ||| IDENTIFYING ruby potion
   694 | D:1      | 694 ||| DROPPING scroll of noise.
   695 | D:1      | 695 ||| DROPPING potion of lignification.
   696 | D:1      | 696 ||| Stepping randomly (stuck).
   697 | D:1      | 697 ||| Stepping ~*~*~tactically~*~*~ (cloud).
   744 | D:2      | 744 ||| Stepping ~*~*~tactically~*~*~ (stealth).
   748 | D:2      | 748 ||| Stepping ~*~*~tactically~*~*~ (stealth).
   751 | D:2      | Reached skill level 4 in Unarmed Combat
   751 | D:2      | Reached XP level 3. HP: 36/36 MP: 3/3
   838 | D:2      | 838 ||| Stepping ~*~*~tactically~*~*~ (stealth).
   849 | D:2      | 849 ||| Stepping ~*~*~tactically~*~*~ (stealth).
  1247 | D:2      | 1247 ||| READING 2 scrolls labelled QEAMUA EXONEUSHRU.
  1248 | D:2      | 1248 ||| READING scroll labelled PEOLLO SUHUKK.
  1249 | D:2      | 1249 ||| READING 2 scrolls of identify.
  1249 | D:2      | 1249 ||| IDENTIFYING yellow potion
  1250 | D:2      | 1250 ||| DROPPING scroll of fog.
  1510 | D:3      | 1510 ||| Stepping ~*~*~tactically~*~*~ (stealth).
  1565 | D:3      | 1565 ||| Stepping ~*~*~tactically~*~*~ (stealth).
  1566 | D:3      | 1566 ||| Stepping ~*~*~tactically~*~*~ (stealth).
  1567 | D:3      | 1567 ||| Stepping ~*~*~tactically~*~*~ (stealth).
  1623 | D:3      | Reached XP level 4. HP: 44/44 MP: 4/4
  1853 | D:3      | 1853 ||| Stepping ~*~*~tactically~*~*~ (stealth).
  2058 | D:3      | Found an ancient bone altar of Kikubaaqudgha.
  2065 | D:3      | 2065 ||| READING scroll labelled BYRPHOZOSYU.
  2066 | D:3      | 2066 ||| READING scroll labelled VAHUFO LOCO.
  2067 | D:3      | 2067 ||| READING scroll labelled EMEZIST ZISUHY.
  2068 | D:3      | 2068 ||| READING scroll labelled TIXILAEL LOAG.
  2069 | D:3      | 2069 ||| DRINKING 2 sapphire potions.
  2170 | D:3      | 2170 ||| READING 3 scrolls of identify.
  2170 | D:3      | 2170 ||| IDENTIFYING black potion
  2171 | D:3      | 2171 ||| READING 2 scrolls of identify.
  2171 | D:3      | 2171 ||| IDENTIFYING grey potion
  2172 | D:3      | 2172 ||| DROPPING potion of ambrosia.
  2173 | D:3      | 2173 ||| DROPPING potion of brilliance.
  2217 | D:4      | Found Vaophiuth's Antique Weapon Shop.
  2287 | D:4      | Reached skill level 5 in Unarmed Combat
  2355 | D:4      | Noticed a bullfrog
  2357 | D:4      | Noticed Eustachio
  2367 | D:4      | Killed a bullfrog
  2368 | D:4      | Reached XP level 5. HP: 36/50 MP: 5/5
  2379 | D:4      | 2379 ||| INVOKING Fiery Armour.
  2389 | D:4      | Killed Eustachio
  2390 | D:4      | Reached skill level 6 in Unarmed Combat
  2390 | D:4      | Reached XP level 6. HP: 36/59 MP: 6/6
  2426 | D:4      | 2426 ||| Stepping ~*~*~tactically~*~*~ (stealth).
  2432 | D:4      | 2432 ||| Stepping ~*~*~tactically~*~*~ (outnumbered).
  2436 | D:4      | Reached skill level 7 in Unarmed Combat
  2575 | D:4      | 2575 ||| INVOKING Fiery Armour.
  2823 | D:4      | 2823 ||| INVOKING Fiery Armour.
  2831 | D:4      | 2831 ||| Stepping ~*~*~tactically~*~*~ (outnumbered).
  2832 | D:4      | 2832 ||| Stepping ~*~*~tactically~*~*~ (outnumbered).
  3038 | D:4      | 3038 ||| READING scroll labelled ZUPUHU EQAU.
  3067 | D:5      | Entered Level 5 of the Dungeon
  3068 | D:5      | 3068 ||| STAIRDANCE
  3086 | D:5      | 3086 ||| STAIRDANCE
  3095 | D:5      | 3095 ||| INVOKING Fiery Armour.
  3100 | D:5      | 3100 ||| STAIRDANCE
  3129 | D:5      | 3129 ||| Stepping ~*~*~tactically~*~*~ (stealth).
  3130 | D:5      | 3130 ||| Stepping ~*~*~tactically~*~*~ (stealth).
  3135 | D:5      | 3135 ||| Stepping ~*~*~tactically~*~*~ (stealth).
  3141 | D:5      | Reached XP level 7. HP: 63/66 MP: 7/7
  3241 | D:5      | Found a staircase to the Ecumenical Temple.
  3283 | D:5      | Found the amulet of Elemental Vulnerability {rPois rF--
                  | rC-- AC+8}
  3305 | D:5      | 3305 ||| Stepping ~*~*~tactically~*~*~ (hiding).
  3521 | D:5      | 3521 ||| FLEEEEING.
  3522 | D:5      | 3522 ||| FLEEEEING.
  3531 | D:5      | 3531 ||| DRINKING 4 potions of curing.
  3531 | D:5      | 3531 ||| (to cure confusion)
  3544 | D:5      | Reached skill level 8 in Unarmed Combat
  3547 | D:5      | 3547 ||| FLEEEEING.
  3548 | D:5      | 3548 ||| FLEEEEING.
  3549 | D:5      | 3549 ||| FLEEEEING.
  3550 | D:5      | 3550 ||| FLEEEEING.
  3551 | D:5      | 3551 ||| FLEEEEING.
  3552 | D:5      | 3552 ||| FLEEEEING.
  3553 | D:5      | 3553 ||| FLEEEEING.
  3554 | D:5      | 3554 ||| FLEEEEING.
  3555 | D:5      | 3555 ||| FLEEEEING.
  3556 | D:5      | 3556 ||| FLEEEEING.
  3607 | D:5      | Reached skill level 3 in Fighting
  3848 | D:5      | Found an ornate altar of the Wu Jian Council.
  4039 | D:5      | 4039 ||| UPGRADING to +0 kite shield.
  4044 | D:5      | 4044 ||| UPGRADING to +2 hat.
  4049 | D:5      | 4049 ||| UPGRADING to amulet of Elemental Vulnerability
                  | {rPois rF-- rC-- AC+8}.
  4054 | D:5      | 4054 ||| DROPPING ring of flight.
  4055 | D:5      | 4055 ||| READING 2 scrolls labelled NYGYHY YCKA.
  4056 | D:5      | 4056 ||| READING scroll labelled QIUNNU NEBUV.
  4057 | D:5      | 4057 ||| READING scroll labelled KYERRU BYLETWA.
  4158 | D:5      | 4158 ||| DROPPING scroll of fear.
  4212 | D:6      | 4212 ||| INVOKING Fiery Armour.
  4213 | D:6      | 4213 ||| STAIRDANCE
  4217 | D:5      | Reached skill level 1 in Shields
  4219 | D:6      | 4219 ||| STAIRDANCE
  4221 | D:5      | 4221 ||| Stepping ~*~*~tactically~*~*~ (outnumbered).
  4222 | D:5      | 4222 ||| Stepping ~*~*~tactically~*~*~ (outnumbered).
  4251 | D:6      | Reached skill level 3 in Shields
  4255 | D:6      | Reached XP level 8. HP: 72/75 MP: 8/8
  4261 | D:6      | 4261 ||| Stepping ~*~*~tactically~*~*~ (outnumbered).
  4262 | D:6      | 4262 ||| Stepping ~*~*~tactically~*~*~ (outnumbered).
  4263 | D:6      | 4263 ||| Stepping ~*~*~tactically~*~*~ (outnumbered).
  4264 | D:6      | 4264 ||| Stepping ~*~*~tactically~*~*~ (hiding).
  4266 | D:6      | 4266 ||| Stepping ~*~*~tactically~*~*~ (outnumbered).
  4307 | D:6      | Identified the ring "Suudgh" {Ice rPois Str-3 Int+3 SInv}
  4346 | D:6      | 4346 ||| Stepping ~*~*~tactically~*~*~ (hiding).
  4501 | D:6      | 4501 ||| Stepping ~*~*~tactically~*~*~ (hiding).
  4508 | D:6      | 4508 ||| Stepping ~*~*~tactically~*~*~ (stealth).
  4601 | D:6      | Reached skill level 6 in Shields
  4612 | D:6      | 4612 ||| Stepping ~*~*~tactically~*~*~ (stealth).
  4671 | D:6      | Found a basalt altar of Yredelemnul.
  4755 | D:6      | 4755 ||| UPGRADING to ring "Suudgh" {Ice rPois Str-3 Int+3
                  | SInv}.
  4756 | D:6      | 4756 ||| READING 10 scrolls of identify.
  4756 | D:6      | 4756 ||| IDENTIFYING glowing silvery potion
  4757 | D:6      | 4757 ||| DROPPING potion of degeneration.
  4782 | D:7      | Found a shadowy altar of Dithmenos.
  4793 | D:7      | Noticed Menkaure
  4808 | D:7      | Killed Menkaure
  4809 | D:7      | Reached skill level 9 in Unarmed Combat
  4918 | D:7      | Reached XP level 9. HP: 81/81 MP: 9/9
  4977 | D:7      | 4977 ||| Stepping ~*~*~tactically~*~*~ (outnumbered).
  4979 | D:7      | 4979 ||| Stepping ~*~*~tactically~*~*~ (outnumbered).
  4980 | D:7      | 4980 ||| Stepping ~*~*~tactically~*~*~ (outnumbered).
  4981 | D:7      | 4981 ||| Stepping ~*~*~tactically~*~*~ (outnumbered).
  4982 | D:7      | 4982 ||| Stepping ~*~*~tactically~*~*~ (outnumbered).
  4983 | D:7      | 4983 ||| Stepping ~*~*~tactically~*~*~ (outnumbered).
  4984 | D:7      | 4984 ||| Stepping ~*~*~tactically~*~*~ (outnumbered).
  5009 | D:7      | Identified the +4 short sword "Orchoogg" {vorpal, rElec
                  | rCorr Dex+3}
  5126 | D:7      | Reached skill level 3 in Throwing
  5151 | D:7      | 5151 ||| Stepping ~*~*~tactically~*~*~ (stealth).
  5153 | D:7      | 5153 ||| Stepping ~*~*~tactically~*~*~ (stealth).
  5154 | D:7      | 5154 ||| Stepping ~*~*~tactically~*~*~ (stealth).
  5303 | D:7      | 5303 ||| UPGRADING to +0 steam dragon scales.
  5313 | D:7      | 5313 ||| DROPPING +0 robe.
  5314 | D:7      | 5314 ||| DROPPING scarf of shadows.
  5315 | D:7      | 5315 ||| READING 2 scrolls of enchant armour.
  5315 | D:7      | 5315 ||| ENCHANTING +0 steam dragon scales.
  5316 | D:7      | 5316 ||| READING scroll of enchant armour.
  5316 | D:7      | 5316 ||| ENCHANTING +1 steam dragon scales.
  5349 | D:8      | Noticed a troll
  5351 | D:8      | 5351 ||| Stepping ~*~*~tactically~*~*~ (stealth).
  5362 | D:8      | Killed a troll
  5363 | D:8      | Reached skill level 1 in Armour
  5363 | D:8      | 5363 ||| FLEEEEING.
  5364 | D:8      | 5364 ||| FLEEEEING.
  5365 | D:8      | 5365 ||| STAIRDANCE
  5405 | D:8      | 5405 ||| Stepping ~*~*~tactically~*~*~ (stealth).
  5408 | D:8      | 5408 ||| Stepping ~*~*~tactically~*~*~ (stealth).
  5410 | D:8      | 5410 ||| Stepping ~*~*~tactically~*~*~ (hiding).
  5434 | D:8      | 5434 ||| Stepping ~*~*~tactically~*~*~ (cloud).
  5447 | D:8      | Reached skill level 1 in Dodging
  5471 | D:8      | Found Qioh's Jewellery Shop.
  5531 | D:8      | Found a burning altar of Makhleb.
  5535 | D:8      | Found a glowing golden altar of the Shining One.
  5540 | D:8      | Found a sparkling altar of Nemelex Xobeh.
  5811 | D:8      | Noticed a troll
  5816 | D:8      | Killed a troll
  5817 | D:8      | Reached skill level 10 in Unarmed Combat
  5908 | D:8      | 5908 ||| Stepping ~*~*~tactically~*~*~ (hiding).
  5911 | D:8      | 5911 ||| Stepping ~*~*~tactically~*~*~ (hiding).
  5912 | D:8      | 5912 ||| Stepping ~*~*~tactically~*~*~ (hiding).
  5919 | D:8      | 5919 ||| Stepping ~*~*~tactically~*~*~ (outnumbered).
  6037 | D:8      | 6037 ||| Stepping ~*~*~tactically~*~*~ (cloud).
  6039 | D:8      | 6039 ||| Stepping ~*~*~tactically~*~*~ (hiding).
  6195 | D:8      | 6195 ||| SHOPLISTING +4 ring of protection (540 gold, have
                  | 429).
  6195 | D:8      | 6195 ||| SHOPLISTING amulet of guardian spirit (450 gold,
                  | have 429).
  6195 | D:8      | 6195 ||| SHOPLISTING ring of Venwakki {Wiz Str+6} (744
                  | gold, have 429).
  6195 | D:8      | 6195 ||| BUYING ring of ice (375 gold).
  6195 | D:8      | Bought a ring of ice for 375 gold pieces
  6195 | D:8      | 6195 ||| SHOPLISTING ring of poison resistance (300 gold,
                  | have 54).
  6195 | D:8      | 6195 ||| SHOPLISTING ring of protection from cold (375
                  | gold, have 54).
  6195 | D:8      | 6195 ||| SHOPLISTING ring of see invisible (225 gold, have
                  | 54).
  6195 | D:8      | 6195 ||| UPGRADING to +0 cloak.
  6200 | D:8      | 6200 ||| UPGRADING to ring of ice.
  6201 | D:8      | 6201 ||| READING scroll labelled KERAGG XEVA.
  6202 | D:8      | 6202 ||| READING 11 scrolls of identify.
  6202 | D:8      | 6202 ||| IDENTIFYING fuming clear potion
  6203 | D:8      | 6203 ||| DROPPING potion of attraction.
  6262 | D:9      | 6262 ||| Stepping ~*~*~tactically~*~*~ (hiding).
  6382 | D:9      | 6382 ||| Stepping ~*~*~tactically~*~*~ (stealth).
  6383 | D:9      | 6383 ||| Stepping ~*~*~tactically~*~*~ (stealth).
  6385 | D:9      | 6385 ||| Stepping ~*~*~tactically~*~*~ (hiding).
  6929 | D:9      | 6929 ||| READING scroll labelled WOMIUR GISSUAR.
  6942 | D:10     | Entered Level 10 of the Dungeon
  6948 | D:10     | Found Futowarph's Weapon Emporium.
  7082 | D:10     | 7082 ||| Stepping ~*~*~tactically~*~*~ (hiding).
  7137 | D:10     | 7137 ||| Stepping ~*~*~tactically~*~*~ (hiding).
  7144 | D:10     | 7144 ||| Stepping ~*~*~tactically~*~*~ (hiding).
  7148 | D:10     | 7148 ||| DRINKING 4 potions of curing.
  7148 | D:10     | 7148 ||| (to cure confusion)
  7157 | D:10     | Reached XP level 10. HP: 89/92 MP: 10/10
  7157 | D:10     | 7157 ||| Stepping ~*~*~tactically~*~*~ (hiding).
  7259 | D:10     | 7259 ||| READING scroll of enchant armour.
  7259 | D:10     | 7259 ||| ENCHANTING +2 steam dragon scales.
  7315 | D:10     | Reached skill level 11 in Unarmed Combat
  7317 | D:10     | Found a staircase to the Lair.
  7406 | D:10     | Found a snail-covered altar of Cheibriados.
  7561 | D:10     | 7561 ||| STAIRDANCE
  7573 | D:9      | 7573 ||| READING 13 scrolls of identify.
  7573 | D:9      | 7573 ||| IDENTIFYING bubbling green potion
  7574 | D:9      | 7574 ||| DROPPING potion of magic.
  7732 | D:10     | 7732 ||| PLANNING LAIR
  7817 | Lair:1   | Entered Level 1 of the Lair of Beasts
  7864 | Lair:1   | Noticed a cane toad
  7868 | Lair:1   | Killed a cane toad
  7881 | Lair:1   | 7881 ||| INVOKING Fiery Armour.
  7904 | Lair:1   | Reached skill level 9 in Shields
  7970 | Lair:1   | 7970 ||| Stepping ~*~*~tactically~*~*~ (stealth).
  7973 | Lair:1   | 7973 ||| Stepping ~*~*~tactically~*~*~ (stealth).
  8061 | Lair:1   | 8061 ||| INVOKING Fiery Armour.
  8062 | Lair:1   | 8062 ||| Stepping ~*~*~tactically~*~*~ (stealth).
  8064 | Lair:1   | 8064 ||| Stepping ~*~*~tactically~*~*~ (stealth).
  8067 | Lair:1   | 8067 ||| Stepping ~*~*~tactically~*~*~ (stealth).
  8070 | Lair:1   | Reached skill level 12 in Unarmed Combat
  8070 | Lair:1   | Reached XP level 11. HP: 98/100 MP: 11/11
  8085 | Lair:1   | 8085 ||| Stepping ~*~*~tactically~*~*~ (outnumbered).
  8161 | Lair:1   | 8161 ||| Stepping ~*~*~tactically~*~*~ (outnumbered).
  8164 | Lair:1   | 8164 ||| Stepping ~*~*~tactically~*~*~ (outnumbered).
  8165 | Lair:1   | 8165 ||| INVOKING Fiery Armour.
  8258 | Lair:1   | 8258 ||| Stepping ~*~*~tactically~*~*~ (stealth).
  8270 | Lair:1   | 8270 ||| Stepping ~*~*~tactically~*~*~ (outnumbered).
  8271 | Lair:1   | 8271 ||| Stepping ~*~*~tactically~*~*~ (outnumbered).
  8275 | Lair:1   | HP: 24/102 [yak (26)]
  8276 | Lair:1   | 8276 ||| READING 3 scrolls of teleportation.
  8277 | Lair:1   | 8277 ||| DRINKING 4 potions of heal wounds.
  8278 | Lair:1   | 8278 ||| Stepping ~*~*~tactically~*~*~ (outnumbered).
  8521 | Lair:1   | 8521 ||| Stepping ~*~*~tactically~*~*~ (stealth).
  8525 | Lair:1   | 8525 ||| Stepping ~*~*~tactically~*~*~ (stealth).
  8528 | Lair:1   | 8528 ||| Stepping ~*~*~tactically~*~*~ (outnumbered).
  8529 | Lair:1   | 8529 ||| Stepping ~*~*~tactically~*~*~ (outnumbered).
  8543 | Lair:1   | Reached skill level 13 in Unarmed Combat
  8605 | Lair:1   | 8605 ||| Stepping ~*~*~tactically~*~*~ (hiding).
  8913 | Lair:1   | Identified the +9 mace of the Thoughtful Spines {vorpal,
                  | Str+8 Int-4}
  8976 | Lair:1   | 8976 ||| Stepping ~*~*~tactically~*~*~ (stealth).
  8988 | Lair:1   | 8988 ||| Stepping ~*~*~tactically~*~*~ (outnumbered).
  9253 | Lair:1   | 9253 ||| DRINKING 2 fizzy green potions.
  9357 | Lair:1   | 9357 ||| DROPPING potion of berserk rage.
  9422 | Lair:2   | 9422 ||| Stepping ~*~*~tactically~*~*~ (hiding).
  9472 | Lair:2   | 9472 ||| FLEEEEING.
  9474 | Lair:2   | 9474 ||| FLEEEEING.
  9501 | Lair:2   | Found a staircase to the Shoals.
  9580 | Lair:2   | 9580 ||| Stepping ~*~*~tactically~*~*~ (stealth).
  9584 | Lair:2   | 9584 ||| Stepping ~*~*~tactically~*~*~ (outnumbered).
  9586 | Lair:2   | 9586 ||| Stepping ~*~*~tactically~*~*~ (stealth).
  9591 | Lair:2   | 9591 ||| Stepping ~*~*~tactically~*~*~ (outnumbered).
  9605 | Lair:2   | 9605 ||| Stepping ~*~*~tactically~*~*~ (outnumbered).
  9606 | Lair:2   | 9606 ||| Stepping ~*~*~tactically~*~*~ (outnumbered).
  9621 | Lair:2   | 9621 ||| INVOKING Fiery Armour.
  9742 | Lair:2   | Reached skill level 14 in Unarmed Combat
  9823 | Lair:2   | 9823 ||| Stepping ~*~*~tactically~*~*~ (stealth).
  9834 | Lair:2   | Reached XP level 12. HP: 111/111 MP: 12/12
  9878 | Lair:2   | 9878 ||| FLEEEEING.
  9879 | Lair:2   | 9879 ||| FLEEEEING.
  9882 | Lair:2   | 9882 ||| FLEEEEING.
  9883 | Lair:2   | 9883 ||| FLEEEEING.
  9884 | Lair:2   | 9884 ||| FLEEEEING.
  9915 | Lair:2   | 9915 ||| Stepping ~*~*~tactically~*~*~ (stealth).
  9958 | Lair:2   | 9958 ||| INVOKING Fiery Armour.
  9968 | Lair:2   | 9968 ||| READING 2 scrolls of teleportation.
  9972 | Lair:2   | HP: 22/113 [oklob plant/splash of acid (15)]
  9973 | Lair:2   | 9973 ||| DRINKING 5 potions of heal wounds.
 10014 | Lair:2   | Reached skill level 6 in Fighting
 10050 | Lair:2   | 10050 ||| FLEEEEING.
 10051 | Lair:2   | 10051 ||| FLEEEEING.
 10082 | Lair:2   | 10082 ||| FLEEEEING.
 10112 | Lair:2   | 10112 ||| INVOKING Fiery Armour.
 10274 | Lair:2   | Found a staircase to the Snake Pit.
 10275 | Lair:2   | 10275 ||| INVOKING Fiery Armour.
 10283 | Lair:2   | 10283 ||| Stepping ~*~*~tactically~*~*~ (outnumbered).
 10285 | Lair:2   | Reached skill level 6 in Throwing
 10295 | Lair:2   | 10295 ||| Stepping ~*~*~tactically~*~*~ (outnumbered).
 10296 | Lair:2   | 10296 ||| Stepping ~*~*~tactically~*~*~ (outnumbered).
 10300 | Lair:2   | 10300 ||| FLEEEEING.
 10302 | Lair:2   | 10302 ||| FLEEEEING.
 10306 | Lair:2   | 10306 ||| Stepping ~*~*~tactically~*~*~ (outnumbered).
 10309 | Lair:2   | 10309 ||| Stepping ~*~*~tactically~*~*~ (outnumbered).
 10310 | Lair:2   | 10310 ||| Stepping ~*~*~tactically~*~*~ (outnumbered).
 10426 | Lair:2   | 10426 ||| Stepping ~*~*~tactically~*~*~ (hiding).
 10542 | Lair:2   | 10542 ||| Stepping ~*~*~tactically~*~*~ (stealth).
 10686 | Lair:2   | 10686 ||| Stepping ~*~*~tactically~*~*~ (hiding).
 10758 | Lair:2   | 10758 ||| DROPPING ring of magical power.
 10773 | Lair:3   | 10773 ||| STAIRDANCE
 10774 | Lair:3   | 10774 ||| STAIRDANCE
 10794 | Lair:3   | 10794 ||| STAIRDANCE
 10796 | Lair:2   | 10796 ||| Stepping ~*~*~tactically~*~*~ (outnumbered).
 10797 | Lair:2   | 10797 ||| Stepping ~*~*~tactically~*~*~ (outnumbered).
 10799 | Lair:2   | 10799 ||| Stepping ~*~*~tactically~*~*~ (outnumbered).
 10800 | Lair:2   | 10800 ||| Stepping ~*~*~tactically~*~*~ (outnumbered).
 10801 | Lair:2   | 10801 ||| Stepping ~*~*~tactically~*~*~ (outnumbered).
 10802 | Lair:2   | 10802 ||| Stepping ~*~*~tactically~*~*~ (outnumbered).
 10810 | Lair:2   | Reached skill level 15 in Unarmed Combat
 10824 | Lair:3   | 10824 ||| STAIRDANCE
 10826 | Lair:2   | 10826 ||| Stepping ~*~*~tactically~*~*~ (outnumbered).
 10827 | Lair:2   | 10827 ||| Stepping ~*~*~tactically~*~*~ (outnumbered).
 10828 | Lair:2   | 10828 ||| Stepping ~*~*~tactically~*~*~ (outnumbered).
 10829 | Lair:2   | 10829 ||| Stepping ~*~*~tactically~*~*~ (outnumbered).
 10830 | Lair:2   | 10830 ||| Stepping ~*~*~tactically~*~*~ (outnumbered).
 10831 | Lair:2   | 10831 ||| Stepping ~*~*~tactically~*~*~ (outnumbered).
 10832 | Lair:2   | 10832 ||| Stepping ~*~*~tactically~*~*~ (outnumbered).
 10834 | Lair:2   | 10834 ||| Stepping ~*~*~tactically~*~*~ (outnumbered).
 10835 | Lair:2   | 10835 ||| Stepping ~*~*~tactically~*~*~ (outnumbered).
 10836 | Lair:2   | 10836 ||| Stepping ~*~*~tactically~*~*~ (outnumbered).
 10837 | Lair:2   | 10837 ||| Stepping ~*~*~tactically~*~*~ (outnumbered).
 10838 | Lair:2   | 10838 ||| Stepping ~*~*~tactically~*~*~ (outnumbered).
 10839 | Lair:2   | 10839 ||| Stepping ~*~*~tactically~*~*~ (outnumbered).
 10841 | Lair:2   | 10841 ||| Stepping ~*~*~tactically~*~*~ (outnumbered).
 10903 | Lair:3   | 10903 ||| Stepping ~*~*~tactically~*~*~ (outnumbered).
 10904 | Lair:3   | 10904 ||| Stepping ~*~*~tactically~*~*~ (outnumbered).
 10905 | Lair:3   | 10905 ||| Stepping ~*~*~tactically~*~*~ (outnumbered).
 10906 | Lair:3   | 10906 ||| Stepping ~*~*~tactically~*~*~ (outnumbered).
 10907 | Lair:3   | 10907 ||| Stepping ~*~*~tactically~*~*~ (outnumbered).
 10908 | Lair:3   | 10908 ||| Stepping ~*~*~tactically~*~*~ (outnumbered).
 11049 | Lair:3   | 11049 ||| Stepping ~*~*~tactically~*~*~ (hiding).
 11052 | Lair:3   | 11052 ||| Stepping ~*~*~tactically~*~*~ (hiding).
 11054 | Lair:3   | 11054 ||| Stepping ~*~*~tactically~*~*~ (hiding).
 11057 | Lair:3   | 11057 ||| Stepping ~*~*~tactically~*~*~ (hiding).
 11060 | Lair:3   | 11060 ||| INVOKING Fiery Armour.
 11068 | Lair:3   | HP: 25/114 [steam dragon] (9)]
 11069 | Lair:3   | 11069 ||| READING 2 scrolls of teleportation.
 11070 | Lair:3   | 11070 ||| DRINKING 4 potions of heal wounds.
 11231 | Lair:3   | 11231 ||| PLANNING TEMPLE
 11231 | Lair:3   | 11231 ||| DROPPING scarf of harm.
 11467 | Temple   | Entered the Ecumenical Temple
 11499 | Temple   | 11499 ||| PLANNING CONVERSION TO OKAWARU
 11504 | Temple   | Fell from the grace of Ignis
 11504 | Temple   | Became a worshipper of Warmaster Okawaru
 11505 | Temple   | 11505 ||| PLANNING LAIR
 11736 | Lair:3   | 11736 ||| STAIRDANCE
 11753 | Lair:3   | 11753 ||| STAIRDANCE
 11755 | Lair:2   | 11755 ||| Stepping ~*~*~tactically~*~*~ (outnumbered).
 11756 | Lair:2   | 11756 ||| Stepping ~*~*~tactically~*~*~ (outnumbered).
 11757 | Lair:2   | 11757 ||| Stepping ~*~*~tactically~*~*~ (outnumbered).
 11759 | Lair:2   | 11759 ||| Stepping ~*~*~tactically~*~*~ (outnumbered).
 11760 | Lair:2   | 11760 ||| Stepping ~*~*~tactically~*~*~ (outnumbered).
 11761 | Lair:2   | 11761 ||| Stepping ~*~*~tactically~*~*~ (outnumbered).
 11762 | Lair:2   | 11762 ||| Stepping ~*~*~tactically~*~*~ (outnumbered).
 11763 | Lair:2   | 11763 ||| Stepping ~*~*~tactically~*~*~ (outnumbered).
 11971 | Lair:3   | HP: 25/114 [fire elemental[the fiery vengeance of Ignis]
                  | (9)]
 11972 | Lair:3   | 11972 ||| READING scroll of teleportation.
 11973 | Lair:3   | 11973 ||| DRINKING 3 potions of heal wounds.
 11974 | Lair:3   | 11974 ||| DRINKING 2 potions of heal wounds.
 12084 | Lair:3   | Noticed Nergalle
 12094 | Lair:3   | Killed Nergalle
 12480 | Lair:4   | Reached * piety under Okawaru
 12506 | Lair:4   | 12506 ||| Stepping ~*~*~tactically~*~*~ (outnumbered).
 12508 | Lair:4   | 12508 ||| INVOKING Heroism.
 12509 | Lair:4   | 12509 ||| Stepping ~*~*~tactically~*~*~ (outnumbered).
 12510 | Lair:4   | 12510 ||| Stepping ~*~*~tactically~*~*~ (outnumbered).
 12512 | Lair:4   | 12512 ||| Stepping ~*~*~tactically~*~*~ (outnumbered).
 12515 | Lair:4   | 12515 ||| Stepping ~*~*~tactically~*~*~ (outnumbered).
 12517 | Lair:4   | 12517 ||| Stepping ~*~*~tactically~*~*~ (outnumbered).
 12518 | Lair:4   | 12518 ||| FLEEEEING.
 12519 | Lair:4   | 12519 ||| FLEEEEING.
 12520 | Lair:4   | 12520 ||| FLEEEEING.
 12521 | Lair:4   | 12521 ||| FLEEEEING.
 12529 | Lair:4   | 12529 ||| STAIRDANCE
 12584 | Lair:4   | 12584 ||| Stepping ~*~*~tactically~*~*~ (outnumbered).
 12585 | Lair:4   | 12585 ||| Stepping ~*~*~tactically~*~*~ (outnumbered).
 12586 | Lair:4   | 12586 ||| Stepping ~*~*~tactically~*~*~ (outnumbered).
 12587 | Lair:4   | 12587 ||| Stepping ~*~*~tactically~*~*~ (outnumbered).
 12588 | Lair:4   | 12588 ||| Stepping ~*~*~tactically~*~*~ (outnumbered).
 12589 | Lair:4   | 12589 ||| Stepping ~*~*~tactically~*~*~ (outnumbered).
 12590 | Lair:4   | 12590 ||| Stepping ~*~*~tactically~*~*~ (outnumbered).
 12591 | Lair:4   | 12591 ||| Stepping ~*~*~tactically~*~*~ (outnumbered).
 12592 | Lair:4   | 12592 ||| Stepping ~*~*~tactically~*~*~ (outnumbered).
 12593 | Lair:4   | 12593 ||| Stepping ~*~*~tactically~*~*~ (outnumbered).
 12595 | Lair:4   | 12595 ||| Stepping ~*~*~tactically~*~*~ (outnumbered).
 12600 | Lair:4   | Reached skill level 1 in Invocations
 12669 | Lair:4   | 12669 ||| READING scroll of enchant armour.
 12669 | Lair:4   | 12669 ||| ENCHANTING +3 steam dragon scales.
 12838 | Lair:4   | 12838 ||| FLEEEEING.
 12854 | Lair:4   | 12854 ||| INVOKING Heroism.
 12855 | Lair:4   | Found a staircase to the Slime Pits.
 12856 | Lair:4   | 12856 ||| Stepping ~*~*~tactically~*~*~ (outnumbered).
 12858 | Lair:4   | 12858 ||| Stepping ~*~*~tactically~*~*~ (outnumbered).
 12860 | Lair:4   | 12860 ||| Stepping ~*~*~tactically~*~*~ (outnumbered).
 12862 | Lair:4   | 12862 ||| Stepping ~*~*~tactically~*~*~ (outnumbered).
 12863 | Lair:4   | 12863 ||| FLEEEEING.
 12863 | Lair:4   | HP: 17/114 [oklob plant/splash of acid (18)]
 12864 | Lair:4   | 12864 ||| FLEEEEING.
 12865 | Lair:4   | 12865 ||| FLEEEEING.
 12869 | Lair:4   | 12869 ||| READING scroll of teleportation.
 12870 | Lair:4   | 12870 ||| DRINKING potion of heal wounds.
 12871 | Lair:4   | 12871 ||| INVOKING Heroism.
 12872 | Lair:4   | 12872 ||| FLEEEEING.
 12898 | Lair:4   | 12898 ||| INVOKING Heroism.
 12901 | Lair:4   | Reached XP level 13. HP: 83/120 MP: 10/13
 12970 | Lair:4   | 12970 ||| INVOKING Heroism.
 13038 | Lair:4   | 13038 ||| INVOKING Heroism.
 13046 | Lair:4   | 13046 ||| Stepping ~*~*~tactically~*~*~ (outnumbered).
 13098 | Lair:4   | 13098 ||| Stepping ~*~*~tactically~*~*~ (outnumbered).
 13099 | Lair:4   | 13099 ||| Stepping ~*~*~tactically~*~*~ (outnumbered).
 13100 | Lair:4   | 13100 ||| Stepping ~*~*~tactically~*~*~ (outnumbered).
 13101 | Lair:4   | 13101 ||| Stepping ~*~*~tactically~*~*~ (outnumbered).
 13103 | Lair:4   | Reached ** piety under Okawaru
 13142 | Lair:4   | 13142 ||| Stepping ~*~*~tactically~*~*~ (stealth).
 13144 | Lair:4   | 13144 ||| Stepping ~*~*~tactically~*~*~ (stealth).
 13148 | Lair:4   | 13148 ||| Stepping ~*~*~tactically~*~*~ (outnumbered).
 13149 | Lair:4   | 13149 ||| Stepping ~*~*~tactically~*~*~ (outnumbered).
 13150 | Lair:4   | 13150 ||| INVOKING Heroism.
 13151 | Lair:4   | 13151 ||| Stepping ~*~*~tactically~*~*~ (outnumbered).
 13152 | Lair:4   | 13152 ||| Stepping ~*~*~tactically~*~*~ (stealth).
 13153 | Lair:4   | 13153 ||| Stepping ~*~*~tactically~*~*~ (stealth).
 13154 | Lair:4   | 13154 ||| Stepping ~*~*~tactically~*~*~ (outnumbered).
 13155 | Lair:4   | 13155 ||| Stepping ~*~*~tactically~*~*~ (outnumbered).
 13156 | Lair:4   | 13156 ||| Stepping ~*~*~tactically~*~*~ (outnumbered).
 13157 | Lair:4   | 13157 ||| Stepping ~*~*~tactically~*~*~ (outnumbered).
 13165 | Lair:4   | Reached skill level 16 in Unarmed Combat
 13165 | Lair:4   | Reached skill level 3 in Invocations
 13252 | Lair:4   | 13252 ||| INVOKING Heroism.
 13266 | Lair:4   | HP: 30/122 [oklob plant/splash of acid (17)]
 13539 | Lair:4   | 13539 ||| INVOKING Heroism.
 13559 | Lair:4   | 13559 ||| INVOKING Heroism.
 13691 | Lair:5   | Entered Level 5 of the Lair of Beasts
 13767 | Lair:5   | 13767 ||| INVOKING Heroism.
 13774 | Lair:5   | Reached *** piety under Okawaru
 13778 | Lair:5   | 13778 ||| INVOKING Heroism.
 13779 | Lair:5   | 13779 ||| Stepping ~*~*~tactically~*~*~ (outnumbered).
 13780 | Lair:5   | 13780 ||| Stepping ~*~*~tactically~*~*~ (outnumbered).
 13788 | Lair:5   | 13788 ||| Stepping ~*~*~tactically~*~*~ (outnumbered).
 13908 | Lair:5   | 13908 ||| INVOKING Heroism.
 13933 | Lair:5   | 13933 ||| INVOKING Heroism.
 14003 | Lair:5   | 14003 ||| INVOKING Heroism.
 14029 | Lair:5   | 14029 ||| INVOKING Heroism.
 14063 | Lair:5   | 14063 ||| INVOKING Heroism.
 14069 | Lair:5   | 14069 ||| Stepping ~*~*~tactically~*~*~ (outnumbered).
 14127 | Lair:5   | 14127 ||| Stepping ~*~*~tactically~*~*~ (hiding).
 14135 | Lair:5   | 14135 ||| INVOKING Heroism.
 14210 | Lair:5   | 14210 ||| INVOKING Heroism.
 14220 | Lair:5   | Reached **** piety under Okawaru
 14296 | Lair:5   | Identified the +9 bardiche of Autumn {vorpal, rElec rN+
                  | Will- Int+3}
 14325 | Lair:5   | 14325 ||| INVOKING Heroism.
 14400 | Lair:5   | 14400 ||| Stepping ~*~*~tactically~*~*~ (outnumbered).
 14406 | Lair:5   | 14406 ||| Stepping ~*~*~tactically~*~*~ (outnumbered).
 14491 | Lair:5   | 14491 ||| INVOKING Heroism.
 14514 | Lair:5   | 14514 ||| INVOKING Heroism.
 14521 | Lair:5   | Reached skill level 17 in Unarmed Combat
 14549 | Lair:5   | 14549 ||| INVOKING Heroism.
 14558 | Lair:5   | 14558 ||| Stepping ~*~*~tactically~*~*~ (stealth).
 14580 | Lair:5   | 14580 ||| INVOKING Heroism.
 14593 | Lair:5   | Reached ***** piety under Okawaru
 14594 | Lair:5   | 14594 ||| INVOKING Finesse.
 14666 | Lair:5   | 14666 ||| INVOKING Heroism.
 14667 | Lair:5   | 14667 ||| INVOKING Finesse.
 14671 | Lair:5   | Reached XP level 14. HP: 133/133 MP: 9/17
 14679 | Lair:5   | 14679 ||| Stepping ~*~*~tactically~*~*~ (hiding).
 14680 | Lair:5   | 14680 ||| Stepping ~*~*~tactically~*~*~ (stealth).
 14692 | Lair:5   | 14692 ||| INVOKING Finesse.
 14693 | Lair:5   | 14693 ||| INVOKING Finesse.
 14694 | Lair:5   | 14694 ||| Stepping ~*~*~tactically~*~*~ (outnumbered).
 14700 | Lair:5   | 14700 ||| Stepping ~*~*~tactically~*~*~ (outnumbered).
 14701 | Lair:5   | 14701 ||| INVOKING Heroism.
 14702 | Lair:5   | 14702 ||| Stepping ~*~*~tactically~*~*~ (outnumbered).
 14705 | Lair:5   | 14705 ||| Stepping ~*~*~tactically~*~*~ (outnumbered).
 14706 | Lair:5   | 14706 ||| Stepping ~*~*~tactically~*~*~ (outnumbered).
 14707 | Lair:5   | 14707 ||| Stepping ~*~*~tactically~*~*~ (outnumbered).
 14708 | Lair:5   | 14708 ||| Stepping ~*~*~tactically~*~*~ (outnumbered).
 14811 | Lair:5   | 14811 ||| INVOKING Heroism.
 14812 | Lair:5   | 14812 ||| INVOKING Finesse.
 14829 | Lair:5   | Reached skill level 6 in Invocations
 14869 | Lair:5   | Identified the +7 great sword "Bevits" {holy, Fly}
 14920 | Lair:5   | 14920 ||| Stepping ~*~*~tactically~*~*~ (stealth).
 14921 | Lair:5   | 14921 ||| Stepping ~*~*~tactically~*~*~ (stealth).
 14922 | Lair:5   | 14922 ||| INVOKING Heroism.
 14926 | Lair:5   | Received a gift from Okawaru
 14968 | Lair:5   | Was forgiven by Ignis
 14978 | Lair:5   | 14978 ||| INVOKING Heroism.
 15298 | Lair:5   | 15298 ||| PLANNING D:1-11
 15298 | Lair:5   | 15298 ||| READING 17 scrolls of identify.
 15298 | Lair:5   | 15298 ||| IDENTIFYING fizzy golden potion
 15630 | D:11     | 15630 ||| INVOKING Heroism.
 15639 | D:11     | Received a gift from Okawaru
 15664 | D:11     | 15664 ||| INVOKING Heroism.
 15854 | D:11     | 15854 ||| Stepping ~*~*~tactically~*~*~ (stealth).
 15889 | D:11     | 15889 ||| INVOKING Heroism.
 15925 | D:11     | 15925 ||| INVOKING Heroism.
 15931 | D:11     | Received a gift from Okawaru
 15956 | D:11     | 15956 ||| FLEEEEING.
 15957 | D:11     | 15957 ||| FLEEEEING.
 15957 | D:11     | Paralysed by a floating eye for 2 turns
 15959 | D:11     | 15959 ||| INVOKING Heroism.
 15962 | D:11     | 15962 ||| Stepping ~*~*~tactically~*~*~ (outnumbered).
 15962 | D:11     | Paralysed by a floating eye for 4 turns
 15966 | D:11     | 15966 ||| Stepping ~*~*~tactically~*~*~ (outnumbered).
 16024 | D:11     | 16024 ||| FLEEEEING.
 16314 | D:11     | 16314 ||| Stepping ~*~*~tactically~*~*~ (hiding).
 16315 | D:11     | 16315 ||| INVOKING Heroism.
 16316 | D:11     | 16316 ||| Stepping ~*~*~tactically~*~*~ (outnumbered).
 16320 | D:11     | 16320 ||| Stepping ~*~*~tactically~*~*~ (hiding).
 16328 | D:11     | 16328 ||| Stepping ~*~*~tactically~*~*~ (outnumbered).
 16354 | D:11     | Found a staircase to the Orcish Mines.
 16648 | D:11     | 16648 ||| PLANNING D
 16648 | D:11     | 16648 ||| READING 16 scrolls of identify.
 16648 | D:11     | 16648 ||| IDENTIFYING fuming puce potion
 16681 | D:12     | 16681 ||| INVOKING Heroism.
 16684 | D:12     | 16684 ||| Stepping ~*~*~tactically~*~*~ (outnumbered).
 16691 | D:12     | 16691 ||| Stepping ~*~*~tactically~*~*~ (outnumbered).
 16692 | D:12     | 16692 ||| Stepping ~*~*~tactically~*~*~ (outnumbered).
 16693 | D:12     | 16693 ||| Stepping ~*~*~tactically~*~*~ (outnumbered).
 16694 | D:12     | 16694 ||| Stepping ~*~*~tactically~*~*~ (outnumbered).
 16695 | D:12     | 16695 ||| Stepping ~*~*~tactically~*~*~ (outnumbered).
 16703 | D:12     | 16703 ||| Stepping ~*~*~tactically~*~*~ (outnumbered).
 16703 | D:12     | Noticed Sonja
 16718 | D:12     | Killed Sonja
 16733 | D:12     | 16733 ||| INVOKING Heroism.
 16733 | D:12     | HP: 27/133 [acid dragon/splash of acid (24)]
 16734 | D:12     | 16734 ||| DRINKING potion of heal wounds.
 16741 | D:12     | HP: 32/133 [acid dragon/splash of acid (16)]
 16743 | D:12     | Received a gift from Okawaru
 16748 | D:12     | HP: 2/133 [acid dragon/splash of acid (23)]
 16748 | D:12     | Slain by a skeletal warrior

Levels and vault maps discovered:
D:1:      heliophobic_arrival_enchanted_forest, layout_loops_ring,
          shapermc_ecumenical_altar_notcrosses, minmay_distorted
D:2:      layout_loops_ring
D:3:      wander_river, layout_basic, lemuel_zombie_altar_kikubaaqudgha,
          minmay_misc_feat_doors
D:4:      layout_gridville, serial_shops, nicolae_shop_stone, uniq_eustachio
D:5:      layout_gridville, lemuel_doored_altar, minmay_temple_entry_waves
D:6:      layout_rooms, yredelemnul_forgotten_temple_becter,
          kennysheep_generic_room_16
D:7:      layout_rooms, kennysheep_little_box, uniq_menkaure
D:8:      cheibrodos_steamvent, layout_loops_cross,
          grunt_temple_overflow_diamond, serial_shops,
          nicolae_inconvenience_store
D:9:      layout_basic
D:10:     layout_roguey, mainiacjoe_overflow_alcove_4, erik_lair_dragon,
          serial_shops, nicolae_shop_crystal
D:11:     layout_basic, orc_0_dummy, onia_ninara_cookie
D:12:     layout_roguey, maelrawn_ghost_gauntlet_escape, serial_demonic,
          serial_demonic_f, serial_demonic_g, serial_demonic_f,
          serial_demonic_c, serial_demonic_b, serial_demonic_a,
          serial_demonic_b, grunt_ministairs_8, uniq_sonja
Temple:   jpeg_temple_clearing
Lair:1:   beast_lair_carwin_large_3, layout_cave_pods, serial_bayou_shore_a,
          serial_bayou_shore_b, grunt_megastairs_3
Lair:2:   layout_regular_city, minmay_shoals_entry_hut,
          minmay_snake_entry_guardpost_small, beast_lair_carwin_9
Lair:3:   layout_cave_pods, dreamdust_deal_with_the_devil, uniq_nergalle
Lair:4:   layout_long_grid, minmay_slime_entry_oklob_open,
          nicolae_lair_liquid_snakes
Lair:5:   evilmike_catoblepas_cave, layout_hall_layers, special_room
          [special_room_bee], worms_lemuel

Skill      XL: |  1  2  3  4  5  6  7  8  9 10 11 12 13 14 |
---------------+-------------------------------------------+-----
Throwing       | 1 2 3 4 5 6 7 |  7.0
Unarmed Combat | 4 5 6 7 8 9 10 12 14 15 17 | 17.7
Fighting       | 3 4 5 6 7 |  7.0
Shields        | 3 6 8 9 10 11 | 11.5
Armour         | 1 2 |  2.2
Dodging        | 1 2 |  2.1
Invocations    | 1 5 7 |  7.7
Spellcasting   | |  1.0
Fire Magic     | |  2.1

Action                   |  1- 3 |  4- 6 |  7- 9 | 10-12 | 13-15 || total
-------------------------+-------+-------+-------+-------+-------++-------
Melee: Unarmed           |    74 |    97 |   302 |   507 |   491 ||  1471
       Punch             |     1 |     2 |     1 |       |       ||     4
Throw: Large rock        |    35 |    12 |    21 |    85 |    61 ||   214
       Boomerang         |       |     2 |       |    12 |    23 ||    37
       Javelin           |       |       |       |     7 |     7 ||    14
Invok: Fiery Armour      |       |     4 |     1 |     8 |       ||    13
       Heroism           |       |       |       |     4 |    33 ||    37
       Finesse           |       |       |       |       |     4 ||     4
  Use: Scroll            |    10 |     7 |     9 |     8 |     2 ||    36
       Potion            |     1 |     1 |     2 |     7 |     1 ||    12
Armor: Robe              |    32 |    61 |    77 |       |       ||   170
       Steam dragon scal |       |       |    45 |   300 |   295 ||   640
Dodge: Dodged            |    32 |    48 |    72 |   169 |   180 ||   501
Block: Kite shield       |       |       |    77 |   231 |   269 ||   577

Table legend:
 A = Non-vault XP
 B = Vault XP
 C = Vault XP percentage of total XP
 D = Non-vault monster count
 E = Vault monster count
 F = Vault count percentage of total count
                 A         B        C        D         E       F
            +---------+---------+-------+---------+---------+-------
      Total |   50067 |   34244 |  40.6 |     346 |     129 |  27.2
            +---------+---------+-------+---------+---------+-------
        D:1 |      32 |       4 |  11.1 |      18 |       3 |  14.3
        D:2 |      34 |       0 |   0.0 |      11 |       0 |   0.0
        D:3 |      42 |       5 |  10.6 |      22 |       3 |  12.0
        D:4 |     328 |     197 |  37.5 |      25 |       1 |   3.8
        D:5 |     552 |       0 |   0.0 |      18 |       0 |   0.0
        D:6 |     777 |     292 |  27.3 |      26 |       4 |  13.3
        D:7 |    1048 |     172 |  14.1 |      15 |       1 |   6.2
        D:8 |    1188 |     356 |  23.1 |      17 |       2 |  10.5
        D:9 |     340 |       0 |   0.0 |       8 |       0 |   0.0
       D:10 |    1275 |     732 |  36.5 |      17 |       4 |  19.0
       D:11 |    3176 |    7748 |  70.9 |      12 |      20 |  62.5
       D:12 |    2625 |    1577 |  37.5 |       5 |       6 |  54.5
     Lair:1 |    7373 |    2958 |  28.6 |      33 |      13 |  28.3
     Lair:2 |   10437 |    3048 |  22.6 |      47 |      12 |  20.3
     Lair:3 |    3760 |     767 |  16.9 |      17 |       1 |   5.6
     Lair:4 |    8065 |    2072 |  20.4 |      28 |      11 |  28.2
     Lair:5 |    9015 |   14316 |  61.4 |      27 |      48 |  64.0
            +---------+---------+-------+---------+---------+-------
